AoeStats
← ហេតុអ្វីអ្

Glade

510929950Analyzed
1v1 RM · 10h ago on Oct 3, 2026· 34m 23s· 2 players
Game mode
Random Map
Map size
Tiny (2 player)
Population
200
Speed
Normal
Resources
Standard
Victory
Conquest
Starting age
Dark Age
Ending age
Imperial Age
RankedLock teamsTeams togetherTeam positionsShared explorationLock speedFull tech treeHidden civsTurbo modeCheats
Victory
Defeat
1621
+10
🇺🇸 Saxons · United States
1486
-10
ហេតុអ្វីអ្
10:57 Feudal Age
16:53 Castle Age
15:41 Double-Bit Axe
17:58 Fletching
19:06 Fervor
19:08 Town Watch
20:44 Bow Saw
24:38 Redemption
27:48 Sanctity
29:46 Wheelbarrow
28:57 Loom
34:14 Imperial Age
34:39 Ballistics
35:19 Chemistry
slam pig
9:12 Feudal Age
9:19 Man-at-Arms
10:13 Arson
10:49 Loom
11:51 Town Watch
13:40 Double-Bit Axe
14:17 Horse Collar
17:16 Wheelbarrow
20:02 Castle Age
19:19 Gold Mining
20:07 Scale Mail Armor
21:13 Chain Mail Armor
21:21 Bow Saw
22:06 Forging
23:52 Gambesons
24:01 Gambesons
27:20 Devotion
29:30 Hand Cart
34:10 Imperial Age
31:33 Stone Mining
31:51 Heavy Plow
35:27 Imperial Age
33:14 Fletching
Connection lost

Rejoining the realm…

Still unreachable

The connection could not be restored.

Session expired

The server has moved on; the page needs a fresh start.